 Dungeon Crawl Stone Soup version 0.20.1-1-g8b1a95d (webtiles) character file.

1067 Fisto the Skirmisher (level 8, -5/67 HPs)
             Began as a Centaur Fighter on Nov 5, 2017.
             Was an Initiate of Ru.
             Slain by an orc warrior
             ... wielding a +5 glaive
              (24 damage)
             ... on level 7 of the Dungeon.
             The game lasted 00:51:11 (6891 turns).

Fisto the Skirmisher (Centaur Fighter)              Turns: 6891, Time: 00:51:15

Health: -5/67      AC: 10    Str: 22    XL:     8   Next: 7%
Magic:  8/8        EV:  4    Int:  7    God:    Ru [......]
Gold:   218        SH:  9    Dex:  8    Spells: 4/7 levels left

rFire    . . .     SeeInvis .   a - +0 long sword
rCold    . . .     Gourm    .   c - +0 shield
rNeg     . . .     Faith    .   b - +0 chain mail
rPois    .         Spirit   .   (no helmet)
rElec    .         Reflect  .   (no cloak)
rCorr    .         Harm     .   (no gloves)
MR       +....                  (no barding)
Stlth    ..........             (no amulet)
Regen    0.3/turn               (no ring)
MPRegen  0.2/turn               (no ring)

@: about to teleport, very quick
A: hooves 3, thin metallic scales 1, deformed body, speed 2, magic resistance 1,
tough skin 3
a: Renounce Religion


You were on level 7 of the Dungeon.
You worshipped Ru.
Ru was noncommittal.
You were not hungry.

You visited 2 branches of the dungeon, and saw 8 of its levels.

You collected 218 gold pieces.

Inventory:

Hand Weapons
 a - a +0 long sword (weapon)
 i - a +2 dagger of electrocution
Missiles
 D - a tomahawk (quivered)
Armour
 b - a +0 chain mail (worn)
 c - a +0 shield (worn)
 d - a +0 cloak
Wands
 x - a wand of lightning (9/15)
Scrolls
 e - 2 scrolls of teleportation
 g - 2 scrolls of enchant weapon {unknown}
 k - a scroll of random uselessness {unknown}
 o - a scroll of noise
 p - a scroll of recharging {unknown}
 q - a scroll of fear {unknown}
 r - 2 scrolls of immolation
 u - a scroll of fog {unknown}
 y - a scroll of remove curse {unknown}
 z - a scroll of amnesia
Potions
 j - a potion of magic {unknown}
 l - a potion of mutation
 m - a potion of flight
 s - 7 potions of curing
 v - a potion of agility {unknown}
 w - a potion of ambrosia
 A - a potion of brilliance
Books
 C - a book of Minor Magic

   Spells                             Type                      Level
   a - Magic Dart                     Conjuration                  1
   b - Blink                          Translocation                2
   c - Call Imp                       Summoning                    2
   d - Slow                           Hexes                        2
   e - Conjure Flame                  Conjuration/Fire             3
   f - Mephitic Cloud                 Conjuration/Poison/Air       3
Comestibles
 f - 2 bread rations
 h - 3 royal jellies


   Skills:
 + Level 4.8 Fighting
 + Level 4.5 Long Blades
 + Level 1.2 Throwing
 + Level 4.4 Armour
 + Level 1.2 Dodging
 + Level 0.1 Stealth
 + Level 4.0 Shields


You had 4 spell levels left.
You knew the following spells:

 Your Spells              Type           Power        Failure   Level  Hunger
a - Magic Dart            Conj           #...         100%        1    ##.....
b - Blink                 Tloc           N/A          100%        2    ###....


Dungeon Overview and Level Annotations

Branches:
Dungeon (7/15)             Temple (1/1) D:6

Altars:
Ashenzari
Cheibriados
Dithmenos
Elyvilon
Fedhas
Gozag
Hepliaklqana
Kikubaaqudgha
Makhleb
Nemelex Xobeh
Okawaru
Qazlal
Ru
Sif Muna
Trog
Uskayaw
Vehumet
Xom
Yredelemnul
Zin
The Shining One

Shops:
D:5 (

Annotations:
D:6 Duvessa; blah's ghost, novice NaFi


Innate Abilities, Weirdness & Mutations

You have hooves in place of feet.
Armour fits poorly on your strangely shaped body.
You cover ground very quickly.
You have extremely tough skin. (AC +3)
You are partially covered in thin metallic scales. (AC +2)
You are resistant to hostile enchantments. (MR+)


Message History

You hit the orc wizard. Your kick misses the orc wizard.
The orc wizard is moderately wounded.
You block the orc wizard's attack.
The orc warrior hits you from afar with an enchanted glaive!
The orc wizard hits you with a dagger.
You slash the orc wizard! You kick the orc wizard.
The orc wizard is almost dead.
The orc wizard barely misses you.
You riposte.
You closely miss the orc wizard. Your kick misses the orc wizard.
The orc wizard is almost dead.
The orc warrior hits you from afar with an enchanted glaive!!
* * * LOW HITPOINT WARNING * * *
The orc wizard hits you but does no damage.
As you read the scroll of teleportation, it crumbles to dust.
You feel strangely unstable.
The orc wizard gestures at you while chanting.
The magic dart hits you!
* * * LOW HITPOINT WARNING * * *
The orc warrior hits you from afar with an enchanted glaive!!
You die...

#.#..o...
#.#ยง#o..#
###.#.#...
#.....##o###
#.....##..o#
#.....####o#
#.....# #o#
#.....# #)#
###.### #@#
#.######o###.#
#.........>..#
#.#####..##### #.#
#.## #####.## #.#
#......# #.#
#.....#####.#
#...........######


You could see an orc warrior, an orc wizard and 2 orcs.

Vanquished Creatures
  2 sky beasts
  A centaur (D:6)
  A bullfrog (Temple)
  Dowan (D:6)
  4 howler monkeys
  A crimson imp (D:6)
  A bullfrog skeleton (D:4)
  A hound (D:4)
  2 iguanas
  Natasha (D:2)
  An orc wizard (D:7)
  4 worker ants
  A hound zombie (D:6)
  A hound skeleton (D:4)
  A worker ant zombie (D:6)
  8 adders
  4 river rats (D:6)
  A shadow imp (D:7)
  An adder skeleton (D:5)
  3 worms
  3 dart slugs
  6 leopard geckos
  3 orcs
  A ball python (D:3)
  7 giant cockroaches
  8 goblins
  6 hobgoblins
  7 jackals
  2 quokkas
  3 bats
  4 frilled lizards
  A giant cockroach zombie (D:5)
  4 kobolds
  8 rats
103 creatures vanquished.

Notes
Turn   | Place    | Note
-------+----------+-------------------------------------------
     0 | D:1      | Fisto the Centaur Fighter began the quest for the Orb.
     0 | D:1      | Reached XP level 1. HP: 19/19 MP: 1/1
   127 | D:1      | Reached XP level 2. HP: 12/26 MP: 2/2
   819 | D:2      | Reached XP level 3. HP: 27/31 MP: 3/3
  1139 | D:2      | Noticed Natasha
  1147 | D:2      | Killed Natasha
  1592 | D:3      | Reached XP level 4. HP: 39/39 MP: 4/4
  2512 | D:4      | Noticed a sky beast
  2526 | D:4      | Killed a sky beast
  2526 | D:4      | Reached XP level 5. HP: 17/46 MP: 5/5
  3077 | D:4      | Reached skill level 1 in Dodging
  3077 | D:4      | Reached XP level 6. HP: 19/52 MP: 6/6
  3754 | D:5      | Entered Level 5 of the Dungeon
  4132 | D:6      | Noticed blah's ghost (novice NaFi)
  4138 | D:6      | Noticed a sky beast
  4202 | D:5      | Learned a level 1 spell: Magic Dart
  4205 | D:5      | Learned a level 2 spell: Blink
  4372 | D:5      | Found Curher's Weapon Shop.
  4665 | D:6      | Found a staircase to the Ecumenical Temple.
  4778 | Temple   | Entered the Ecumenical Temple
  4904 | Temple   | Became a worshipper of Ru the Awakened
  5206 | D:6      | Reached XP level 7. HP: 59/59 MP: 7/7
  5435 | D:7      | Noticed Duvessa
  5435 | D:7      | Noticed Dowan
  6243 | Temple   | Gained mutation: You are partially covered in thin metallic scales. (AC +2) [potion of mutation]
  6243 | Temple   | Gained mutation: You are resistant to hostile enchantments. (MR+) [potion of mutation]
  6501 | D:6      | Killed Dowan
  6700 | D:7      | Reached skill level 1 in Throwing
  6750 | D:7      | Reached XP level 8. HP: 54/67 MP: 8/8
  6891 | D:7      | Slain by an orc warrior

Skill      XL: |  1  2  3  4  5  6  7 |
---------------+----------------------+-----
Long Blades    | 2 3 4 |  4.5
Armour         | 3 4 |  4.4
Fighting       | 4 |  4.8
Dodging        | 1 |  1.2
Shields        | 3 4 |  4.0
Throwing       | 1 |  1.2
Stealth        | |  0.1

Action                   |  1- 3 |  4- 6 |  7- 9 || total
-------------------------+-------+-------+-------++-------
Melee: Long sword        |    70 |   232 |   118 ||   420
       Kick              |    12 |    47 |    39 ||    98
Throw: Tomahawk          |       |     6 |     2 ||     8
  Use: Potion            |       |     5 |     6 ||    11
       Scroll            |       |     6 |     3 ||     9
  Eat: Chunk             |     1 |     5 |       ||     6
       Royal jelly       |       |     1 |     1 ||     2
       Fruit             |       |     4 |       ||     4
       Bread ration      |       |       |     1 ||     1
Armor: Scale mail        |    26 |    21 |       ||    47
       Chain mail        |       |   110 |    71 ||   181
Dodge: Dodged            |    16 |    22 |    25 ||    63
Block: Shield            |    27 |   128 |    62 ||   217
       Rpst.: Long sword |     4 |     9 |    10 ||    23
